 Dungeon Crawl Stone Soup version 0.22.0-38-g04b72b8c25 (webtiles) character file.

69 Artool the Skirmisher (level 4, -10/36 HPs)
             Began as a Demonspawn Fighter on Aug 29, 2018.
             Splashed by a jelly's acid (11 damage)
             ... on level 4 of the Dungeon.
             The game lasted 00:03:49 (3109 turns).

Artool the Skirmisher (Demonspawn Fighter)          Turns: 3109, Time: 00:03:50

Health: -10/36     AC:  4    Str: 17    XL:     4   Next: 2%
Magic:  4/4        EV:  9    Int:  9    God:
Gold:   175        SH:  0    Dex: 13    Spells: 3/3 levels left

rFire    . . .     SeeInvis .   s - +0 whip (curse)
rCold    . . .     Gourm    .   (no shield)
rNeg     . . .     Faith    .   b - +0 scale mail
rPois    .         Spirit   .   (helmet restricted)
rElec    .         Reflect  .   (no cloak)
rCorr    .         Harm     .   w - +0 pair of gloves
MR       .....                  (no boots)
Stlth    ..........             (no amulet)
HPRegen  0.12/turn              (no ring)
MPRegen  0.09/turn              (no ring)

@: corroded
A: antennae 1
a: no special abilities


You were on level 4 of the Dungeon.
You were not hungry.

You visited 1 branch of the dungeon, and saw 4 of its levels.

You collected 175 gold pieces.

Inventory:

Hand Weapons
 a - a +0 flail
 s - a cursed +0 whip (weapon)
Missiles
 g - 5 javelins (quivered)
 u - 6 tomahawks
Armour
 b - a +0 scale mail (worn)
 c - a +0 shield
 w - a +0 pair of gloves (worn)
Jewellery
 k - a +5 ring of protection {unknown}
 l - an uncursed ring of positive energy {unknown}
 q - an uncursed ring of flight {unknown}
Scrolls
 e - 2 scrolls of amnesia {unknown}
 h - 3 scrolls of enchant armour {unknown}
 i - a scroll of fog {unknown}
 j - a scroll of magic mapping {unknown}
 n - 4 scrolls of remove curse {unknown}
 o - a scroll of blinking {unknown}
 r - 2 scrolls of identify {unknown}
Potions
 d - 3 potions of might
 m - a potion of cancellation {unknown}
 p - 2 potions of ambrosia {unknown}
 t - a potion of lignification {unknown}
 v - 2 potions of curing {unknown}
 x - 2 potions of haste {unknown}
 z - a potion of flight {unknown}
Comestibles
 f - 5 rations


   Skills:
 * Level 3.6 Fighting
 * Level 2.3 Maces & Flails
 * Level 3.3 Armour
 + Level 0.9 Dodging
 + Level 2.9 Shields


You had 3 spell levels left.
You didn't know any spells.
Your spell library was empty.

Dungeon Overview and Level Annotations

Branches:
Dungeon (4/15)
 Temple: D:4-7

Altars:
Gozag
Vehumet
Wu Jian
Zin

Annotations:
D:3 3 runed doors, Muschelhups's ghost, amateur HOFi


Innate Abilities, Weirdness & Mutations

You have a pair of small antennae on your head.


Message History

The jelly closely misses you.
You hit the jelly.
Your hands burn!
The jelly is lightly wounded.
The jelly hits you.
You are splashed with acid!
The acid burns!
You hit the jelly.
Your hands burn!
The jelly is heavily wounded.
The jelly hits you. The acid corrodes you!
You are splashed with acid!
The acid burns!
* * * LOW HITPOINT WARNING * * *
You are too injured to fight recklessly!
You are too injured to fight recklessly!
You are too injured to fight recklessly!
You are too injured to fight recklessly!
You hit the jelly but do no damage.
Your hands burn!
* * * LOW HITPOINT WARNING * * *
The jelly is heavily wounded.
The jelly hits you.
* * * LOW HITPOINT WARNING * * *
You are splashed with acid!
The acid burns!
You die...

#.... #....# #....#
##....## ### ##
##......# #.. ..
........######.#####.###
.............#.#........
........####.#.#........
##......###.....@J.....#
..........+............#
##......###......#!.##.#
....................#
###########......$..# #
####...##.# # #...# ..#
# #.#.# .+ #


You could see a jelly.

Vanquished Creatures
  An adder (D:2)
  A worm (D:2)
  2 dart slugs
  3 leopard geckos
  A giant cockroach (D:1)
  4 goblins
  8 hobgoblins
  4 jackals (D:2)
  7 kobolds
  2 quokkas (D:2)
  A ball python (D:3)
  5 bats
  2 frilled lizards (D:1)
  A jackal skeleton (D:4)
  7 rats
49 creatures vanquished.

Notes
Turn   | Place    | Note
-------+----------+-------------------------------------------
     0 | D:1      | Artool the Demonspawn Fighter began the quest for the Orb.
     0 | D:1      | Reached XP level 1. HP: 18/18 MP: 1/1
   386 | D:1      | Gained mutation: You have a pair of small antennae on your head. [demonic ancestry]
   386 | D:1      | Reached XP level 2. HP: 24/24 MP: 2/2
   858 | D:1      | Reached XP level 3. HP: 29/29 MP: 3/3
  1221 | D:2      | Found a radiant altar of Vehumet.
  1287 | D:2      | Found a glowing silver altar of Zin.
  1338 | D:2      | Found an opulent altar of Gozag.
  1922 | D:2      | Found an ornate altar of the Wu Jian Council.
  2070 | D:3      | Found a runed gate.
  2070 | D:3      | Found a runed gate.
  2072 | D:3      | Found a runed gate.
  2078 | D:3      | Noticed Muschelhups's ghost (amateur HOFi)
  2550 | D:3      | Reached XP level 4. HP: 36/36 MP: 4/4
  2778 | D:4      | Noticed a phantom
  3109 | D:4      | HP: 1/36 [jelly (2)]
  3109 | D:4      | Splashed by a jelly's acid

Skill      XL: |  1  2  3 |
---------------+----------+-----
Maces & Flails | 2 |  2.3
Armour         | 3 |  3.3
Fighting       | |  3.6
Dodging        | |  0.9
Shields        | |  2.9

Action                   |  1- 3 |  4- 6 || total
-------------------------+-------+-------++-------
Melee: Flail             |   132 |       ||   132
       Whip              |    21 |    32 ||    53
Throw: Javelin           |     4 |       ||     4
  Eat: Chunk             |     5 |       ||     5
       Ration            |       |     1 ||     1
Armor: Scale mail        |    71 |    10 ||    81
Dodge: Dodged            |    81 |     9 ||    90
